 Dungeon Sprint DCSS version 0.22.1-1-ga44c0e56f4 (webtiles) character file.

405 MuseOD the Conjurer (level 6, -1/45 HPs)
             Began as a Draconian Conjurer on Oct 4, 2018.
             Was a Believer of Sif Muna.
             Slain by a wolf (6 damage)
             ... in the Dungeon (Sprint V: "Ziggurat Sprint").
             The game lasted 00:01:16 (238 turns).

MuseOD the Conjurer (Draconian Conjurer)             Turns: 238, Time: 00:01:17

Health: -1/45      AC:  6    Str: 10    XL:     6   Next: 56%
Magic:  1/15       EV: 15    Int: 18    God:    Sif Muna [**....]
Gold:   0          SH:  0    Dex: 11    Spells: 9/17 levels left

rFire    . . .     SeeInvis .   C - +5 demon blade
rCold    . . .     Gourm    .   (no shield)
rNeg     . . .     Faith    .   (armour unavailable)
rPois    .         Spirit   .   (helmet restricted)
rElec    .         Reflect  .   (no cloak)
rCorr    .         Harm     .   (no gloves)
MR       .....     NoTele   +   (no boots)
Stlth    +++.......             (no amulet)
HPRegen  0.15/turn              (no ring)
MPRegen  0.14/turn              (no ring)

@: no status effects
A: unfitting armour, cold-blooded, AC +6
a: Divine Energy, Renounce Religion


You were in the Dungeon.
You worshipped Sif Muna.
Sif Muna was pleased with you.
You were not hungry.

You visited 1 branch

Inventory:

Hand Weapons
 C - a +5 demon blade (weapon)
Jewellery
 w - a +6 ring of dexterity
 x - a +6 ring of dexterity
 y - a +6 ring of intelligence
 z - a +6 ring of intelligence
 A - a +6 ring of strength
 B - a +6 ring of strength
Wands
 t - a wand of disintegration (7)
 u - a wand of iceblast (7)
 v - a wand of acid (7)
Scrolls
 h - 4 scrolls of blinking
 n - 4 scrolls of amnesia
 o - 7 scrolls of fog
 p - a scroll of holy word
 q - 5 scrolls of identify
 r - 5 scrolls of remove curse
 s - 2 scrolls of fear
Potions
 a - 2 potions of brilliance
 c - 10 potions of curing
 d - 10 potions of heal wounds
 e - 6 potions of haste
 f - 7 potions of magic
 g - 2 potions of berserk rage
 i - 2 potions of invisibility
 j - 4 potions of resistance
 l - 6 potions of agility
 m - 5 potions of might
Comestibles
 b - 7 rations


   Skills:
 + Level 6.3 Long Blades
 + Level 6.2 Dodging
 + Level 6.7 Stealth
 + Level 6.2 Spellcasting
 + Level 7.7 Conjurations


You had 9 spell levels left.
You knew the following spells:

 Your Spells              Type           Power        Failure   Level  Hunger
a - Magic Dart            Conj           ####         1%          1    None
b - Iskenderun's Mystic   Conj           ####....     4%          4    ####...
c - Dazzling Spray        Conj/Hex       ###...       7%          3    ##.....

Your spell library contained the following spells:

 Spells                   Type           Power        Failure   Level  Hunger
 Searing Ray              Conj           ####..       1%          2    None
 Force Lance              Conj/Tloc      ###.....     24%         4    ####...
 Fulminant Prism          Conj/Hex       ###.......   24%         4    ####...


Dungeon Overview and Level Annotations

Branches:
Dungeon (1/1)

Altars:
Ashenzari
Cheibriados
Dithmenos
Elyvilon
Fedhas
Gozag
Hepliaklqana
Kikubaaqudgha
Makhleb
Nemelex Xobeh
Okawaru
Qazlal
Ru
Sif Muna
Trog
Uskayaw
Vehumet
Wu Jian
Xom
Yredelemnul
Zin
The Shining One
Beogh
Jiyva
Lugonu

Annotations:
D 1 transporter


Innate Abilities, Weirdness & Mutations

Your plain brown scales are hard. (AC +6)
You cannot fit into any form of body armour.
You are cold-blooded and may be slowed by cold attacks.


Message History

The wolf bites you.
You hit the wolf.
The wolf is severely wounded.
The wolf stops to sniff the ground.
The wolf misses you. The wolf bites you!
* * * LOW HITPOINT WARNING * * *
The wolf bites you.
* * * LOW HITPOINT WARNING * * *
The wolf barely misses you.
You barely miss the wolf.
The wolf is severely wounded.
The wolf closely misses you.
You riposte.
You closely miss the wolf.
The wolf is lightly wounded.
The wolf closely misses you.
You riposte.
You miss the wolf.
Your tail-slap misses the wolf.
The wolf is severely wounded.
You hit the wolf but do no damage.
Your tail-slap misses the wolf.
The wolf is severely wounded.
The wolf closely misses you. x2; The wolf misses you.
The wolf bites you.
You die...

▓▓▓▓▓▓▓▓▓▓▓▓▓
▓.8©8.▓.8©8.▓
▓.:)}.▓.....▓
▓.....▓.)...▓
▓.....▓.†...▓
▓.....▓.....▓
▓..hh.▓..©..▓
▓..@..▓▓▓▓▓▓▓
▓▓▓▓▓▓▓


You could see 2 wolves.

Vanquished Creatures
  A spriggan (shapeshifter) (D)
  A hog (shapeshifter) (D)
  A black bear (D)
3 creatures vanquished.

Notes
Turn   | Place    | Note
-------+----------+-------------------------------------------
     0 | D        | Found the +6 Majin-Bo {vamp, Archmagi MP+6 Int+6}
     0 | D        | Found the +7 great mace "Firestarter" {inner flame, rF++}
     0 | D        | MuseOD the Draconian Conjurer began the quest for the Orb.
     0 | D        | Reached XP level 1. HP: 14/14 MP: 3/3
     0 | D        | Found a deep blue altar of Sif Muna.
     0 | D        | Found a bloodstained altar of Trog.
     0 | D        | Found a sacrificial altar of Ru.
     0 | D        | Found a stormy altar of Qazlal.
     0 | D        | Found an iron altar of Okawaru.
     1 | D        | Found a sparkling altar of Nemelex Xobeh.
     1 | D        | Found a blossoming altar of Fedhas.
     3 | D        | Found a transporter.
     3 | D        | Found an ancient bone altar of Kikubaaqudgha.
     3 | D        | Found a viscous altar of Jiyva.
     3 | D        | Found a corrupted altar of Lugonu.
     3 | D        | Found a hazy altar of Hepliaklqana.
     3 | D        | Found a burning altar of Makhleb.
     3 | D        | Found an opulent altar of Gozag.
    41 | D        | Became a worshipper of Sif Muna the Loreminder
    48 | D        | Reached skill level 5 in Conjurations
    48 | D        | Reached XP level 2. HP: 20/20 MP: 3/6
    80 | D        | Entered arena 2.
    80 | D        | Noticed a hog
    80 | D        | Noticed a soldier ant
    80 | D        | Found a transporter.
    81 | D        | Noticed a shapeshifter
    81 | D        | a soldier ant changed into a shapeshifter
    82 | D        | Noticed a spriggan
    82 | D        | a shapeshifter changed into a spriggan
    85 | D        | Killed a spriggan
    85 | D        | Reached * piety under Sif Muna
    85 | D        | Reached skill level 5 in Long Blades
    85 | D        | Reached skill level 5 in Dodging
    85 | D        | Reached skill level 5 in Stealth
    85 | D        | Reached skill level 5 in Spellcasting
    85 | D        | Reached skill level 6 in Conjurations
    85 | D        | Reached XP level 3. HP: 26/26 MP: 6/9
    85 | D        | Reached XP level 4. HP: 33/33 MP: 7/11
    85 | D        | Reached XP level 5. HP: 38/38 MP: 7/12
    87 | D        | Killed a hog
    87 | D        | Reached ** piety under Sif Muna
    87 | D        | Reached skill level 7 in Conjurations
    87 | D        | Reached XP level 6. HP: 32/45 MP: 7/14
   136 | D        | Learned a level 4 spell: Iskenderun's Mystic Blast
   140 | D        | Learned a level 3 spell: Dazzling Spray
   230 | D        | Entered arena 3.
   230 | D        | Found a transporter.
   238 | D        | Slain by a wolf

Skill      XL: |  1  2  3  4  5  6 |
---------------+-------------------+-----
Long Blades    | 3 5 6 |  6.3
Dodging        | 3 5 6 |  6.2
Stealth        | 3 5 6 |  6.7
Spellcasting   | 3 5 6 |  6.2
Conjurations   | 5 6 7 |  7.7

Action                   |  1- 3 |  4- 6 || total
-------------------------+-------+-------++-------
Melee: Demon blade       |     3 |     5 ||     8
 Cast: Iskenderun's Myst |       |     3 ||     3
       Magic Dart        |       |     2 ||     2
  Use: Potion            |     2 |       ||     2
Armor: Skin              |       |     2 ||     2
Dodge: Dodged            |     3 |    12 ||    15
       Rpst.: Demon blade |     1 |     3 ||     4
